[ AOE2 MATCH · #484303177 ]
Team RMBritons vs Turks
[ REPLAY ANALYSIS · EXTRACTED FROM THE RECORDED GAME ]
Feudal
18:04
Castle
32:28
Imperial
—
| APM avg | 10.2 |
| APM peak | 26 |
| eAPM avg | 5.4 |
| Villagers / military | 52 / 13 |
Focus
⚔️ 18.2% · 🌾 81.8%
Archer ×13
Feudal
—
Castle
—
Imperial
—
| APM avg | 1.0 |
| APM peak | 37 |
| eAPM avg | 0.4 |
| Villagers / military | 10 / 0 |
Focus
⚔️ 0.0% · 🌾 100.0%
Feudal
14:53
Castle
28:56
Imperial
—
| APM avg | 8.3 |
| APM peak | 20 |
| eAPM avg | 6.1 |
| Villagers / military | 36 / 0 |
Focus
⚔️ 3.0% · 🌾 97.0%
Feudal
14:52
Castle
20:02
Imperial
25:57
| APM avg | 11.8 |
| APM peak | 26 |
| eAPM avg | 6.5 |
| Villagers / military | 34 / 30 |
Focus
⚔️ 24.4% · 🌾 75.6%
Hand Cannoneer ×30 · Trade Cart ×5
Feudal
—
Castle
—
Imperial
—
| APM avg | 0.2 |
| APM peak | 6 |
| eAPM avg | 0.2 |
| Villagers / military | 0 / 0 |
Feudal
12:56
Castle
22:51
Imperial
34:25
| APM avg | 14.3 |
| APM peak | 38 |
| eAPM avg | 8.9 |
| Villagers / military | 94 / 18 |
Focus
⚔️ 15.5% · 🌾 84.5%
Boyar ×9 · Trade Cart ×9 · Spearman ×4 · Cavalry Archer ×3 · Monk ×2
Feudal
12:54
Castle
17:13
Imperial
—
| APM avg | 22.4 |
| APM peak | 49 |
| eAPM avg | 10.7 |
| Villagers / military | 101 / 33 |
Focus
⚔️ 16.1% · 🌾 83.9%
Skirmisher ×16 · Rattan Archer ×13 · Monk ×4
Feudal
14:06
Castle
23:15
Imperial
—
| APM avg | 14.5 |
| APM peak | 46 |
| eAPM avg | 6.9 |
| Villagers / military | 50 / 32 |
Focus
⚔️ 16.1% · 🌾 83.9%
Eagle Scout ×28 · Monk ×4 · Trade Cart ×4
Match map
Initial resources + every placement click. Lines = walls · curves = elevation contours. ◆ gold · ⬟ stone · ● berries · ✦ relic · ◌ wall gap
Your base· Open — unwalled flank
sandroales's base· Open — unwalled flank
LilCloneTrooper's base· Open — unwalled flank
pandorika's base· Open — unwalled flank
Elite Savage's base· Open — unwalled flank
ciaroVit's base· Open — unwalled flank
烟王's base· Open — unwalled flank
minaDrive's base· Open — unwalled flank
Smoothed initial terrain · ◌ = detected wall gap · hover for details
Inputs per minute
— mcd_400 - - sandroales
Build order — mcd_400
131 actions detected in the replay
| 0:15 | Create | Villager (Male) |
| 0:15 | Research | Loom |
| 0:15 | Create | Villager (Male) |
| 0:16 | Create | Villager (Male) |
| 0:16 | Create | Villager (Male) |
| 0:16 | Create | Villager (Male) |
| 0:17 | Create | Villager (Male) |
| 1:10 | Build | House |
| 2:12 | Build | House |
| 2:58 | Build | Mill |
| 3:25 | Build | Lumber Camp |
| 4:33 | Build | Farm |
| 4:46 | Create | Villager (Male) |
| 5:23 | Build | Palisade Wall |
| 7:01 | Build | Palisade Wall |
| 7:12 | Create | Villager (Male) |
| 7:13 | Create | Villager (Male) |
| 7:13 | Create | Villager (Male) |
| 7:49 | Create | Villager (Male) |
| 8:04 | Create | Villager (Male) |
| 8:11 | Build | Farm |
| 8:56 | Build | House |
| 8:58 | Build | House |
| 9:00 | Build | House |
| 9:02 | Build | House |
| 10:16 | Create | Villager (Male) |
| 10:21 | Create | Villager (Male) |
| 10:22 | Create | Villager (Male) |
| 10:49 | Build | Farm |
| 10:54 | Create | Villager (Male) |
| 11:11 | Build | Farm |
| 11:36 | Create | Villager (Male) |
| 11:36 | Create | Villager (Male) |
| 11:36 | Create | Villager (Male) |
| 11:43 | Build | Farm |
| 12:07 | Build | Mining Camp |
| 12:31 | Create | Villager (Male) |
| 12:37 | Build | Farm |
| 12:48 | Create | Villager (Male) |
| 13:11 | Create | Villager (Male) |
| 13:34 | Build | Farm |
| 13:41 | Create | Villager (Male) |
| 13:54 | Build | Farm |
| 13:57 | Create | Villager (Male) |
| 14:16 | Build | Farm |
| 14:19 | Create | Villager (Male) |
| 14:44 | Build | Farm |
| 14:49 | Create | Villager (Male) |
| 15:08 | Build | Farm |
| 15:13 | Create | Villager (Male) |
| 15:33 | Build | Farm |
| 15:54 | Research | Feudal Age |
| 17:26 | Create | Villager (Male) |
| 18:04 | Age | Feudal Age |
| 18:14 | Build | Stone Wall |
| 18:22 | Research | Horse Collar |
| 18:30 | Research | Wheelbarrow |
| 18:31 | Create | Villager (Male) |
| 18:32 | Research | Town Watch |
| 18:33 | Create | Villager (Male) |
| 18:33 | Create | Villager (Male) |
| 18:33 | Create | Villager (Male) |
| 18:33 | Create | Villager (Male) |
| 18:34 | Create | Villager (Male) |
| 19:00 | Research | Stone Mining |
| 19:04 | Research | Double-Bit Axe |
| 19:53 | Build | Barracks |
| 20:19 | Create | Villager (Male) |
| 21:16 | Build | Archery Range |
| 22:14 | Build | Archery Range |
| 22:57 | Create | Villager (Male) |
| 22:58 | Create | Villager (Male) |
| 22:58 | Create | Villager (Male) |
| 22:59 | Create | Villager (Male) |
| 22:59 | Create | Villager (Male) |
| 22:59 | Create | Villager (Male) |
| 22:59 | Create | Villager (Male) |
| 23:00 | Create | Villager (Male) |
| 23:00 | Create | Villager (Male) |
| 23:00 | Create | Villager (Male) |
| 23:00 | Create | Villager (Male) |
| 23:01 | Create | Villager (Male) |
| 23:01 | Create | Villager (Male) |
| 23:01 | Create | Villager (Male) |
| 23:01 | Create | Villager (Male) |
| 23:17 | Build | House |
| 23:19 | Build | House |
| 23:20 | Build | House |
| 23:21 | Build | House |
| 23:34 | Build | Gate |
| 24:27 | Build | Farm |
| 24:33 | Build | Farm |
| 24:53 | Build | Farm |
| 25:02 | Build | House |
| 25:03 | Build | House |
| 25:04 | Build | House |
| 25:23 | Build | Watch Tower |
| 26:03 | Build | Mining Camp |
| 26:19 | Build | Blacksmith |
| 27:04 | Build | Stone Wall |
| 27:22 | Build | Watch Tower |
| 27:29 | Build | Stone Wall |
| 27:58 | Build | Market |
| 28:11 | Create | Archer |
| 28:11 | Create | Archer |
| 28:11 | Create | Archer |
| 28:38 | Create | Villager (Male) |
| 29:19 | Build | Stone Wall |
| 29:48 | Research | Castle Age |
| 30:14 | Build | Archery Range |
| 30:17 | Build | Archery Range |
| 30:38 | Build | Watch Tower |
| 31:11 | Build | Stone Wall |
| 31:22 | Create | Villager (Male) |
| 31:37 | Build | Lumber Camp |
| 32:28 | Age | Castle Age |
| 32:47 | Build | Castle |
| 32:59 | Create | Archer |
| 32:59 | Create | Archer |
| 32:59 | Create | Archer |
| 32:59 | Create | Archer |
| 32:59 | Create | Archer |
| 33:00 | Create | Archer |
| 33:00 | Create | Archer |
| 33:00 | Create | Archer |
| 33:00 | Create | Archer |
| 33:31 | Create | Archer |
| 33:59 | Research | Imperial Age |
| 34:24 | Build | Siege Workshop |
| 34:30 | Build | Siege Workshop |
| 34:37 | Build | Mining Camp |
Build order — sandroales
5 actions detected in the replay
| 0:03 | Build | House |
| 0:04 | Build | House |
| 0:20 | Create | Villager (Male) |
| 0:20 | Create | Villager (Male) ×5 |
| 0:20 | Create | Villager (Male) ×4 |
Build order — LilCloneTrooper
117 actions detected in the replay
| 0:06 | Build | House |
| 0:07 | Build | House |
| 0:19 | Research | Loom |
| 0:20 | Create | Villager (Male) |
| 0:21 | Create | Villager (Male) |
| 0:21 | Create | Villager (Male) |
| 0:21 | Create | Villager (Male) |
| 2:21 | Create | Villager (Male) |
| 2:49 | Create | Villager (Male) |
| 3:11 | Create | Villager (Male) |
| 3:29 | Create | Villager (Male) |
| 3:59 | Create | Villager (Male) |
| 4:18 | Create | Villager (Male) |
| 4:48 | Build | House |
| 4:50 | Create | Villager (Male) |
| 5:01 | Build | Mill |
| 5:04 | Create | Villager (Male) |
| 5:24 | Create | Villager (Male) |
| 5:54 | Create | Villager (Male) |
| 6:02 | Build | House |
| 6:17 | Create | Villager (Male) |
| 8:03 | Create | Villager (Male) |
| 8:05 | Create | Villager (Male) |
| 8:36 | Build | Mining Camp |
| 8:57 | Create | Villager (Male) |
| 8:57 | Create | Villager (Male) |
| 9:02 | Create | Villager (Male) |
| 9:39 | Build | Lumber Camp |
| 10:27 | Create | Villager (Male) |
| 12:05 | Build | Farm |
| 12:06 | Build | Farm |
| 12:43 | Research | Feudal Age |
| 13:35 | Create | Villager (Male) |
| 13:36 | Create | Villager (Male) |
| 14:37 | Build | Farm |
| 14:38 | Build | Farm |
| 14:39 | Build | Farm |
| 14:39 | Build | Farm |
| 14:40 | Build | Farm |
| 14:44 | Build | Farm |
| 14:53 | Age | Feudal Age |
| 15:06 | Build | House |
| 15:27 | Research | Wheelbarrow |
| 15:28 | Research | Town Watch |
| 15:55 | Build | House |
| 15:56 | Build | House |
| 15:57 | Build | House |
| 16:00 | Build | House |
| 16:01 | Build | House |
| 16:02 | Build | House |
| 16:10 | Build | Palisade Gate |
| 16:20 | Build | House |
| 16:22 | Build | House |
| 16:24 | Build | House |
| 16:31 | Build | House |
| 16:32 | Build | House |
| 16:35 | Build | House |
| 16:55 | Create | Villager (Male) |
| 17:30 | Build | House |
| 17:31 | Build | House |
| 17:32 | Build | House |
| 17:34 | Build | House |
| 17:37 | Build | House |
| 18:42 | Build | House |
| 18:43 | Build | House |
| 18:45 | Build | House |
| 18:47 | Build | House |
| 18:50 | Build | House |
| 18:52 | Build | House |
| 18:54 | Build | House |
| 18:57 | Build | House |
| 19:07 | Build | House |
| 19:09 | Build | House |
| 19:12 | Build | House |
| 19:17 | Build | House |
| 19:19 | Build | House |
| 19:21 | Build | House |
| 19:27 | Build | House |
| 19:31 | Build | House |
| 19:33 | Build | House |
| 19:34 | Build | House |
| 19:43 | Create | Villager (Male) |
| 19:45 | Create | Villager (Male) |
| 19:56 | Build | Farm |
| 19:57 | Build | Farm |
| 19:58 | Build | Farm |
| 19:59 | Build | Farm |
| 20:00 | Build | Farm |
| 20:00 | Build | Farm |
| 20:01 | Build | Farm |
| 20:02 | Build | Farm |
| 20:03 | Build | Farm |
| 20:18 | Build | Farm |
| 21:07 | Create | Villager (Male) |
| 21:07 | Create | Villager (Male) |
| 21:08 | Create | Villager (Male) |
| 21:09 | Create | Villager (Male) |
| 21:29 | Create | Villager (Male) |
| 21:29 | Create | Villager (Male) |
| 21:30 | Create | Villager (Male) |
| 21:42 | Build | Farm |
| 22:09 | Build | Lumber Camp |
| 23:08 | Create | Villager (Male) |
| 23:44 | Build | Market |
| 23:50 | Build | Blacksmith |
| 25:24 | Research | Gold Mining |
| 25:24 | Research | Stone Mining |
| 26:16 | Research | Castle Age |
| 26:42 | Build | Mining Camp |
| 26:49 | Create | Villager (Male) |
| 26:50 | Create | Villager (Male) |
| 27:05 | Research | Horse Collar |
| 28:56 | Age | Castle Age |
| 29:17 | Build | Town Center |
| 29:30 | Build | Town Center |
| 30:59 | Research | Town Patrol |
| 31:00 | Research | Hand Cart |
Build order — pandorika
117 actions detected in the replay
| 0:04 | Build | House |
| 0:07 | Build | House |
| 0:08 | Create | Villager (Male) |
| 0:28 | Create | Villager (Male) |
| 1:14 | Create | Villager (Male) |
| 1:15 | Create | Villager (Male) |
| 1:34 | Create | Villager (Male) |
| 3:12 | Create | Villager (Male) |
| 3:13 | Create | Villager (Male) |
| 3:14 | Create | Villager (Male) |
| 3:45 | Create | Villager (Male) |
| 5:18 | Build | Mill |
| 5:20 | Create | Villager (Male) |
| 5:21 | Create | Villager (Male) |
| 5:51 | Build | House |
| 6:48 | Create | Villager (Male) |
| 6:48 | Create | Villager (Male) |
| 6:59 | Build | Lumber Camp |
| 7:20 | Create | Villager (Male) |
| 8:02 | Create | Villager (Male) |
| 8:03 | Create | Villager (Male) |
| 8:54 | Create | Villager (Male) |
| 8:54 | Create | Villager (Male) |
| 8:55 | Create | Villager (Male) |
| 9:08 | Build | House |
| 9:11 | Build | House |
| 9:14 | Build | House |
| 10:41 | Build | Mining Camp |
| 10:43 | Create | Villager (Male) |
| 11:20 | Create | Villager (Male) |
| 12:42 | Research | Feudal Age |
| 14:52 | Age | Feudal Age |
| 15:29 | Build | Market |
| 15:36 | Build | Blacksmith |
| 17:05 | Build | Farm |
| 17:05 | Build | Farm |
| 17:06 | Build | Farm |
| 17:07 | Build | Farm |
| 17:07 | Build | Farm |
| 17:07 | Build | Farm |
| 17:07 | Build | Farm |
| 17:08 | Build | Farm |
| 17:08 | Build | Farm |
| 17:08 | Build | Farm |
| 17:22 | Research | Castle Age |
| 17:45 | Build | Farm |
| 17:59 | Build | Farm |
| 18:25 | Research | Double-Bit Axe |
| 18:35 | Research | Horse Collar |
| 19:04 | Research | Gold Mining |
| 20:02 | Age | Castle Age |
| 20:11 | Build | Monastery |
| 20:26 | Build | University |
| 22:47 | Research | Imperial Age |
| 23:23 | Build | Town Center |
| 24:31 | Create | Villager (Male) |
| 24:31 | Create | Villager (Male) |
| 24:31 | Create | Villager (Male) |
| 24:31 | Create | Villager (Male) |
| 24:32 | Create | Villager (Male) |
| 24:32 | Create | Villager (Male) |
| 24:32 | Create | Villager (Male) |
| 25:08 | Build | Barracks |
| 25:57 | Age | Imperial Age |
| 26:17 | Build | Archery Range |
| 26:20 | Build | Archery Range |
| 26:22 | Build | Archery Range |
| 26:52 | Create | Villager (Male) |
| 26:52 | Create | Villager (Male) |
| 26:52 | Create | Villager (Male) |
| 26:53 | Create | Villager (Male) |
| 26:53 | Create | Villager (Male) |
| 26:53 | Create | Villager (Male) |
| 27:07 | Create | Hand Cannoneer |
| 27:07 | Create | Hand Cannoneer |
| 27:07 | Create | Hand Cannoneer |
| 27:08 | Create | Hand Cannoneer |
| 27:08 | Create | Hand Cannoneer |
| 27:08 | Create | Hand Cannoneer |
| 27:08 | Create | Hand Cannoneer |
| 27:08 | Create | Hand Cannoneer |
| 27:09 | Create | Hand Cannoneer |
| 27:09 | Create | Hand Cannoneer |
| 28:28 | Create | Hand Cannoneer |
| 28:28 | Create | Hand Cannoneer |
| 28:28 | Create | Hand Cannoneer |
| 28:28 | Create | Hand Cannoneer |
| 28:29 | Create | Hand Cannoneer |
| 28:52 | Build | Market |
| 29:07 | Create | Hand Cannoneer |
| 29:07 | Create | Hand Cannoneer |
| 29:08 | Create | Hand Cannoneer |
| 30:11 | Research | Caravan |
| 30:17 | Create | Trade Cart |
| 30:17 | Create | Trade Cart |
| 30:18 | Create | Trade Cart |
| 30:18 | Create | Trade Cart |
| 30:18 | Create | Trade Cart |
| 30:56 | Create | Hand Cannoneer |
| 30:56 | Create | Hand Cannoneer |
| 30:57 | Create | Hand Cannoneer |
| 30:57 | Create | Hand Cannoneer |
| 30:57 | Create | Hand Cannoneer |
| 30:57 | Create | Hand Cannoneer |
| 30:57 | Create | Hand Cannoneer |
| 30:58 | Create | Hand Cannoneer |
| 30:58 | Create | Hand Cannoneer |
| 30:58 | Create | Hand Cannoneer |
| 30:58 | Create | Hand Cannoneer |
| 30:58 | Create | Hand Cannoneer |
| 32:16 | Build | House |
| 32:17 | Build | House |
| 32:18 | Build | House |
| 32:20 | Build | House |
| 32:21 | Build | House |
| 32:22 | Build | House |
| 34:51 | Build | Archery Range |
Build order — Elite Savage
0 actions detected in the replay
Build order — ciaroVit
First 150 of 195 actions detected
| 0:07 | Create | Villager (Male) |
| 0:07 | Create | Villager (Male) |
| 0:08 | Create | Villager (Male) |
| 0:09 | Research | Loom |
| 0:13 | Create | Villager (Male) |
| 0:13 | Create | Villager (Male) |
| 0:39 | Build | House |
| 0:40 | Build | House |
| 0:41 | Build | House |
| 0:41 | Build | House |
| 1:10 | Create | Villager (Male) |
| 1:56 | Create | Villager (Male) |
| 1:56 | Create | Villager (Male) |
| 2:41 | Create | Villager (Male) |
| 3:36 | Create | Villager (Male) |
| 3:36 | Create | Villager (Male) |
| 3:36 | Create | Villager (Male) |
| 4:26 | Create | Villager (Male) |
| 4:27 | Create | Villager (Male) |
| 5:13 | Create | Villager (Male) |
| 5:13 | Create | Villager (Male) |
| 5:13 | Create | Villager (Male) |
| 5:57 | Create | Villager (Male) |
| 5:57 | Create | Villager (Male) |
| 5:57 | Create | Villager (Male) |
| 5:57 | Create | Villager (Male) |
| 7:02 | Create | Villager (Male) |
| 7:02 | Create | Villager (Male) |
| 7:02 | Create | Villager (Male) |
| 7:04 | Create | Villager (Male) |
| 7:04 | Create | Villager (Male) |
| 7:50 | Build | Mill |
| 8:33 | Build | House |
| 8:34 | Build | House |
| 8:35 | Build | House |
| 10:07 | Build | Lumber Camp |
| 10:46 | Research | Feudal Age |
| 12:18 | Build | Lumber Camp |
| 12:24 | Create | Villager (Male) |
| 12:25 | Create | Villager (Male) |
| 12:25 | Create | Villager (Male) |
| 12:25 | Create | Villager (Male) |
| 12:25 | Create | Villager (Male) |
| 12:26 | Create | Villager (Male) |
| 12:26 | Create | Villager (Male) |
| 12:27 | Create | Villager (Male) |
| 12:27 | Create | Villager (Male) |
| 12:30 | Create | Villager (Male) |
| 12:56 | Age | Feudal Age |
| 13:23 | Research | Double-Bit Axe |
| 13:52 | Build | Mill |
| 14:19 | Build | Mining Camp |
| 16:49 | Build | Barracks |
| 17:11 | Build | Blacksmith |
| 17:14 | Create | Villager (Male) |
| 17:15 | Create | Villager (Male) |
| 17:15 | Create | Villager (Male) |
| 17:57 | Build | Stable |
| 17:59 | Build | Stable |
| 18:04 | Build | Archery Range |
| 18:05 | Build | Archery Range |
| 18:16 | Build | Mining Camp |
| 18:35 | Create | Villager (Male) |
| 18:35 | Create | Villager (Male) |
| 19:40 | Build | Farm |
| 19:41 | Build | Farm |
| 19:42 | Build | Farm |
| 19:43 | Build | Farm |
| 19:44 | Build | Farm |
| 19:46 | Build | Farm |
| 19:47 | Build | Farm |
| 19:48 | Build | Farm |
| 19:57 | Build | Farm |
| 20:11 | Research | Castle Age |
| 20:14 | Create | Villager (Male) |
| 20:14 | Create | Villager (Male) |
| 20:52 | Build | Barracks |
| 20:53 | Build | Barracks |
| 20:58 | Build | Barracks |
| 21:02 | Build | Barracks |
| 21:04 | Build | Barracks |
| 21:07 | Build | Barracks |
| 21:11 | Build | Barracks |
| 21:13 | Build | Barracks |
| 22:51 | Age | Castle Age |
| 23:03 | Research | Bow Saw |
| 23:06 | Research | Stone Mining |
| 23:10 | Research | Gold Mining |
| 23:13 | Research | Horse Collar |
| 23:58 | Build | Market |
| 24:51 | Build | Market |
| 24:53 | Build | Market |
| 25:07 | Build | Farm |
| 25:08 | Build | Farm |
| 25:09 | Build | Farm |
| 25:15 | Build | Farm |
| 25:17 | Build | Farm |
| 25:18 | Build | Farm |
| 25:20 | Build | Farm |
| 25:21 | Build | Farm |
| 25:25 | Create | Villager (Male) |
| 25:25 | Create | Villager (Male) |
| 25:26 | Create | Villager (Male) |
| 25:26 | Create | Villager (Male) |
| 25:26 | Create | Villager (Male) |
| 25:26 | Create | Villager (Male) |
| 25:27 | Create | Villager (Male) |
| 25:28 | Create | Villager (Male) |
| 25:30 | Create | Villager (Male) |
| 25:30 | Create | Villager (Male) |
| 25:31 | Create | Villager (Male) |
| 26:08 | Build | Farm |
| 26:45 | Build | Castle |
| 27:20 | Build | Town Center |
| 27:37 | Build | Town Center |
| 28:05 | Build | Monastery |
| 28:26 | Build | University |
| 29:20 | Build | Mining Camp |
| 29:30 | Create | Villager (Male) |
| 29:30 | Create | Villager (Male) |
| 29:31 | Create | Villager (Male) |
| 29:55 | Research | Gold Shaft Mining |
| 30:13 | Create | Monk |
| 30:22 | Create | Trade Cart |
| 30:23 | Create | Trade Cart |
| 30:23 | Create | Trade Cart |
| 30:24 | Research | Caravan |
| 30:33 | Research | Imperial Age |
| 30:42 | Create | Villager (Male) |
| 30:42 | Create | Villager (Male) |
| 30:43 | Create | Villager (Male) |
| 30:43 | Create | Villager (Male) |
| 30:43 | Create | Villager (Male) |
| 30:44 | Create | Villager (Male) |
| 30:45 | Create | Villager (Male) |
| 30:45 | Create | Villager (Male) |
| 30:54 | Research | Heavy Plow |
| 31:10 | Create | Monk |
| 31:18 | Create | Boyar |
| 31:18 | Create | Boyar |
| 31:19 | Create | Boyar |
| 31:19 | Create | Boyar |
| 31:25 | Create | Villager (Male) |
| 31:25 | Create | Villager (Male) |
| 31:25 | Create | Villager (Male) |
| 31:26 | Create | Villager (Male) |
| 31:29 | Create | Villager (Male) |
| 31:29 | Create | Villager (Male) |
| 31:30 | Create | Villager (Male) |
| 31:30 | Create | Villager (Male) |
Build order — 烟王
First 150 of 227 actions detected
| 0:08 | Build | House |
| 0:12 | Build | House |
| 0:14 | Create | Villager (Male) |
| 0:14 | Create | Villager (Male) |
| 0:14 | Create | Villager (Male) |
| 0:15 | Create | Villager (Male) |
| 0:15 | Create | Villager (Male) |
| 1:42 | Create | Villager (Male) |
| 1:43 | Create | Villager (Male) |
| 2:15 | Create | Villager (Male) |
| 2:15 | Create | Villager (Male) |
| 2:50 | Build | Mill |
| 2:59 | Create | Villager (Male) |
| 2:59 | Create | Villager (Male) |
| 3:30 | Create | Villager (Male) |
| 3:30 | Create | Villager (Male) |
| 3:30 | Create | Villager (Male) |
| 4:08 | Create | Villager (Male) |
| 4:09 | Create | Villager (Male) |
| 4:21 | Create | Villager (Male) |
| 4:22 | Create | Villager (Male) |
| 4:42 | Create | Villager (Male) |
| 5:06 | Build | House |
| 5:16 | Create | Villager (Male) |
| 5:43 | Build | House |
| 6:34 | Create | Villager (Male) |
| 6:34 | Create | Villager (Male) |
| 6:34 | Create | Villager (Male) |
| 6:35 | Create | Villager (Male) |
| 6:35 | Create | Villager (Male) |
| 6:35 | Create | Villager (Male) |
| 6:35 | Create | Villager (Male) |
| 7:14 | Create | Villager (Male) |
| 7:14 | Create | Villager (Male) |
| 7:14 | Create | Villager (Male) |
| 7:54 | Build | Lumber Camp |
| 8:03 | Create | Villager (Male) |
| 8:03 | Create | Villager (Male) |
| 9:25 | Build | House |
| 10:10 | Research | Feudal Age |
| 10:24 | Build | House |
| 11:39 | Build | Palisade Wall |
| 12:54 | Age | Feudal Age |
| 13:01 | Research | Double-Bit Axe |
| 13:07 | Build | Market |
| 13:12 | Build | Blacksmith |
| 13:31 | Build | Farm |
| 13:32 | Build | Farm |
| 14:22 | Build | Palisade Gate |
| 14:33 | Research | Castle Age |
| 15:07 | Build | House |
| 15:18 | Build | Mining Camp |
| 15:33 | Research | Horse Collar |
| 16:01 | Build | Palisade Wall |
| 16:40 | Create | Villager (Male) |
| 16:41 | Create | Villager (Male) |
| 16:41 | Create | Villager (Male) |
| 16:41 | Create | Villager (Male) |
| 16:41 | Create | Villager (Male) |
| 16:42 | Create | Villager (Male) |
| 17:13 | Age | Castle Age |
| 17:17 | Build | Town Center |
| 17:26 | Build | Town Center |
| 17:49 | Build | Farm |
| 17:50 | Build | Farm |
| 17:52 | Build | Farm |
| 17:53 | Build | Farm |
| 17:54 | Build | Farm |
| 17:58 | Research | Bow Saw |
| 18:20 | Build | Palisade Wall |
| 18:29 | Build | Farm |
| 18:41 | Build | Farm |
| 18:55 | Build | Farm |
| 19:05 | Create | Villager (Male) |
| 19:05 | Create | Villager (Male) |
| 19:05 | Create | Villager (Male) |
| 19:13 | Create | Villager (Male) |
| 20:03 | Create | Villager (Male) |
| 20:03 | Create | Villager (Male) |
| 20:04 | Create | Villager (Male) |
| 20:27 | Research | Heavy Plow |
| 20:33 | Build | Farm |
| 20:34 | Build | Farm |
| 20:46 | Create | Villager (Male) |
| 21:00 | Build | Farm |
| 21:01 | Build | Farm |
| 21:03 | Build | Farm |
| 21:04 | Build | Farm |
| 21:05 | Build | Farm |
| 21:09 | Build | Farm |
| 21:11 | Build | Farm |
| 21:12 | Build | Farm |
| 21:36 | Create | Villager (Male) |
| 21:44 | Create | Villager (Male) |
| 22:11 | Create | Villager (Male) |
| 22:11 | Create | Villager (Male) |
| 22:15 | Create | Villager (Male) |
| 22:15 | Create | Villager (Male) |
| 22:29 | Create | Villager (Male) |
| 22:30 | Create | Villager (Male) |
| 22:30 | Create | Villager (Male) |
| 22:46 | Build | Monastery |
| 23:12 | Build | Farm |
| 23:13 | Build | Farm |
| 23:15 | Build | Farm |
| 23:21 | Create | Villager (Male) |
| 23:21 | Create | Villager (Male) |
| 23:21 | Create | Villager (Male) |
| 23:22 | Create | Villager (Male) |
| 23:32 | Create | Villager (Male) |
| 23:32 | Create | Villager (Male) |
| 23:33 | Create | Villager (Male) |
| 23:33 | Create | Villager (Male) |
| 23:33 | Create | Villager (Male) |
| 23:54 | Build | Palisade Wall |
| 24:00 | Create | Monk |
| 24:01 | Create | Monk |
| 24:04 | Create | Monk |
| 24:26 | Build | House |
| 24:32 | Build | House |
| 24:33 | Build | House |
| 24:34 | Build | House |
| 24:41 | Research | Wheelbarrow |
| 24:48 | Research | Gold Mining |
| 24:48 | Research | Stone Mining |
| 25:46 | Research | Hand Cart |
| 25:50 | Create | Villager (Male) |
| 25:50 | Create | Villager (Male) |
| 26:00 | Create | Monk |
| 26:18 | Create | Villager (Male) |
| 26:20 | Create | Villager (Male) |
| 26:21 | Create | Villager (Male) |
| 26:27 | Create | Villager (Male) |
| 26:27 | Create | Villager (Male) |
| 26:45 | Build | Town Center |
| 26:56 | Create | Villager (Male) |
| 26:56 | Create | Villager (Male) |
| 26:57 | Create | Villager (Male) |
| 26:57 | Create | Villager (Male) |
| 26:57 | Create | Villager (Male) |
| 26:57 | Create | Villager (Male) |
| 27:23 | Build | Barracks |
| 27:32 | Research | Stone Shaft Mining |
| 27:36 | Create | Villager (Male) |
| 27:43 | Build | Farm |
| 27:45 | Build | Farm |
| 27:46 | Build | Farm |
| 27:47 | Build | Farm |
| 27:55 | Create | Villager (Male) |
| 27:56 | Create | Villager (Male) |
Build order — minaDrive
128 actions detected in the replay
| 2:24 | Build | House |
| 2:27 | Build | House |
| 2:29 | Create | Villager (Male) ×3 |
| 4:14 | Create | Villager (Male) ×2 |
| 4:53 | Create | Villager (Male) ×2 |
| 5:28 | Create | Villager (Male) |
| 5:38 | Create | Villager (Male) |
| 6:08 | Build | Mining Camp |
| 6:13 | Build | Lumber Camp |
| 6:24 | Create | Villager (Male) ×2 |
| 6:34 | Build | House |
| 6:43 | Create | Villager (Male) ×2 |
| 6:55 | Create | Villager (Male) |
| 7:31 | Create | Villager (Male) ×2 |
| 8:09 | Create | Villager (Male) ×2 |
| 8:29 | Build | House |
| 8:43 | Create | Villager (Male) ×2 |
| 9:22 | Build | Palisade Wall |
| 9:44 | Research | Loom |
| 10:33 | Build | Palisade Wall |
| 10:39 | Build | Mining Camp |
| 10:59 | Build | Mill |
| 11:29 | Build | Palisade Wall |
| 11:56 | Research | Feudal Age |
| 12:16 | Build | House |
| 12:19 | Build | House |
| 12:26 | Create | Villager (Male) ×5 |
| 12:43 | Build | Palisade Gate |
| 12:51 | Create | Villager (Male) ×3 |
| 12:59 | Build | Barracks |
| 14:06 | Age | Feudal Age |
| 14:48 | Research | Horse Collar |
| 14:51 | Research | Double-Bit Axe |
| 15:05 | Build | Stone Wall |
| 15:34 | Build | Lumber Camp |
| 16:25 | Build | House |
| 17:16 | Build | Blacksmith |
| 17:29 | Create | Villager (Male) |
| 17:30 | Create | Villager (Male) |
| 17:34 | Build | Farm |
| 17:50 | Build | Farm |
| 17:53 | Build | Farm |
| 17:55 | Build | Farm |
| 18:00 | Build | Farm |
| 18:35 | Build | Gate |
| 18:44 | Create | Villager (Male) |
| 19:45 | Build | Market |
| 20:15 | Build | Archery Range |
| 20:23 | Build | House |
| 20:29 | Build | Mining Camp |
| 20:35 | Research | Castle Age |
| 20:39 | Create | Eagle Scout |
| 20:44 | Research | Forging |
| 20:45 | Research | Scale Mail Armor |
| 20:55 | Create | Eagle Scout ×5 |
| 21:37 | Build | Farm |
| 21:45 | Create | Villager (Male) ×4 |
| 22:03 | Build | Farm |
| 22:17 | Research | Fletching |
| 22:40 | Build | House |
| 23:15 | Age | Castle Age |
| 24:28 | Build | Mill |
| 24:57 | Build | Town Center |
| 25:10 | Research | Eagle Warrior (upgrade) |
| 25:11 | Create | Eagle Scout |
| 25:11 | Create | Eagle Scout |
| 25:25 | Build | Barracks |
| 25:52 | Research | Caravan |
| 25:54 | Create | Trade Cart ×3 |
| 26:11 | Build | Monastery |
| 26:17 | Create | Villager (Male) |
| 26:17 | Create | Villager (Male) |
| 26:17 | Create | Villager (Male) |
| 26:18 | Create | Villager (Male) |
| 26:18 | Create | Villager (Male) |
| 26:24 | Research | Heavy Plow |
| 26:28 | Research | Bow Saw |
| 26:36 | Build | Lumber Camp |
| 26:43 | Build | Farm |
| 26:46 | Build | Farm |
| 27:05 | Create | Monk |
| 27:05 | Create | Monk |
| 27:25 | Build | Mining Camp |
| 27:37 | Create | Monk |
| 27:43 | Create | Villager (Male) ×5 |
| 27:50 | Build | Mining Camp |
| 27:57 | Build | Farm |
| 27:59 | Build | Farm |
| 28:02 | Build | Farm |
| 28:05 | Create | Villager (Male) |
| 28:05 | Create | Villager (Male) |
| 28:34 | Create | Trade Cart |
| 28:54 | Build | Farm |
| 28:57 | Build | Farm |
| 29:55 | Build | Farm |
| 30:00 | Create | Villager (Male) |
| 30:11 | Build | Farm |
| 30:20 | Build | House |
| 30:37 | Build | Stone Wall |
| 32:22 | Create | Monk |
| 32:33 | Build | University |
| 32:39 | Create | Eagle Scout |
| 32:40 | Create | Eagle Scout |
| 32:45 | Create | Eagle Scout |
| 32:45 | Create | Eagle Scout |
| 33:02 | Create | Villager (Male) |
| 33:02 | Create | Villager (Male) |
| 33:06 | Research | Imperial Age |
| 33:15 | Research | Wheelbarrow |
| 33:15 | Research | Town Watch |
| 33:55 | Build | Farm |
| 33:57 | Build | Farm |
| 34:28 | Create | Eagle Scout ×5 |
| 34:28 | Create | Eagle Scout ×5 |
| 34:29 | Create | Eagle Scout ×5 |
| 34:29 | Create | Eagle Scout |
| 34:34 | Build | House |
| 34:35 | Build | House |
| 34:35 | Build | House |
| 34:36 | Build | House |
| 34:36 | Build | House |
| 34:36 | Build | House |
| 34:36 | Build | House |
| 34:37 | Build | House |
| 34:37 | Build | House |
| 34:37 | Build | House |
| 34:38 | Build | House |
| 34:56 | Build | Siege Workshop |
Match timeline
| 0:27 | sandroales · resign |
| 5:23 | mcd_400 · wall_segment Palisade Wall x13 |
| 7:01 | mcd_400 · wall_segment Palisade Wall x14 |
| 9:22 | minaDrive · wall_segment Palisade Wall x6 |
| 10:33 | minaDrive · wall_segment Palisade Wall x10 |
| 11:29 | minaDrive · wall_segment Palisade Wall x10 |
| 11:39 | 烟王 · wall_segment Palisade Wall x14 |
| 12:54 | 烟王 · age_up feudal |
| 12:56 | ciaroVit · age_up feudal |
| 12:59 | minaDrive · first_building Barracks |
| 14:06 | minaDrive · age_up feudal |
| 14:52 | pandorika · age_up feudal |
| 14:53 | LilCloneTrooper · age_up feudal |
| 15:05 | minaDrive · wall_segment Stone Wall x15 |
| 16:01 | 烟王 · wall_segment Palisade Wall x12 |
| 16:49 | ciaroVit · first_building Barracks |
| 17:13 | 烟王 · age_up castle |
| 17:57 | ciaroVit · first_building Stable |
| 18:04 | mcd_400 · age_up feudal |
| 18:04 | ciaroVit · first_building Archery Range |
| 18:14 | mcd_400 · wall_segment Stone Wall x26 |
| 18:20 | 烟王 · wall_segment Palisade Wall x9 |
| 19:53 | mcd_400 · first_building Barracks |
| 20:02 | pandorika · age_up castle |
| 20:11 | pandorika · first_building Monastery |
| 20:15 | minaDrive · first_building Archery Range |
| 21:16 | mcd_400 · first_building Archery Range |
| 22:12 | pandorika · first_market_sell 100 wood |
| 22:20 | pandorika · first_market_buy 100 food |
| 22:46 | 烟王 · first_building Monastery |
| 22:51 | ciaroVit · age_up castle |
| 23:15 | minaDrive · age_up castle |
| 23:54 | 烟王 · wall_segment Palisade Wall x7 |
| 25:08 | pandorika · first_building Barracks |
| 25:57 | pandorika · age_up imperial |
| 26:11 | minaDrive · first_building Monastery |
| 26:17 | pandorika · first_building Archery Range |
| 26:45 | ciaroVit · first_building Castle |
| 27:04 | mcd_400 · wall_segment Stone Wall x1 |
| 27:23 | 烟王 · first_building Barracks |
| 27:29 | mcd_400 · wall_segment Stone Wall x1 |
| 28:05 | ciaroVit · first_building Monastery |
| 28:32 | 烟王 · first_building Archery Range |
| 28:56 | LilCloneTrooper · age_up castle |
| 29:19 | mcd_400 · wall_segment Stone Wall x19 |
| 30:37 | minaDrive · wall_segment Stone Wall x27 |
| 31:11 | mcd_400 · wall_segment Stone Wall x5 |
| 31:54 | 烟王 · first_building Castle |
| 32:28 | mcd_400 · age_up castle |
| 32:47 | mcd_400 · first_building Castle |
| 33:51 | mcd_400 · first_market_sell 100 food |
| 34:24 | mcd_400 · first_building Siege Workshop |
| 34:25 | ciaroVit · age_up imperial |
| 34:56 | minaDrive · first_building Siege Workshop |
[ AI ANALYSIS · 1 CREDIT ]
What really happened in this match?
Wolo.gg analyzes every decision: build order, eco, micro, common mistakes by bracket. Personalized analysis on WhatsApp or Discord in 30 seconds.
Civ guide
Britons
Map guide
Arabia
Perfil
Jugador #3922949